Map: Deathaura LE

Players

Neeb - Winner!

  • Race: Protoss Protoss
  • League: Master
  • Spawn Location: 11:00

Vanillasky

  • Race: Protoss Protoss
  • League: Master
  • Spawn Location: 5:00

VOD

Have the link to the VOD?

Description

Time

  • Played on: June 21, 2020, 10:51 a.m.
  • Length: 14:27
Show
View Real Time Build Order
Export as new Build Order

Neeb Protoss - Winner!

Build Orders:  

Get SALT Encoding   

  12  0:01  Probe  
  13  0:13  Probe  
  14  0:21  Pylon  
  14  0:23  Probe  
  15  0:35  Probe  
  15  0:39  Gateway  
  16  0:43  Probe  
  16  0:48  Assimilator  
  17  0:55  Probe  
  18  0:57  Assimilator  
  18  1:08  Probe  
  18  1:11  Gateway  
  19  1:20  Probe  
  20  1:26  Cybernetics Core  
  20  1:32  Probe  
  21  1:37  Pylon  
  21  1:44  Probe  
  22  1:53  Stalker  
  22  1:56  Probe  
  23  2:03  Warp Gate  
  23  2:04  Stalker  
  28  2:08  Probe  
  28  2:13  Pylon  
  28  2:20  Probe  
  29  2:24  Stalker  
  31  2:49  Nexus  
  31  2:53  Sentry  
  31  2:55  Probe  
  34  3:05  Robotics Facility  
  34  3:14  Probe  
  35  3:22  Forge  
  35  3:24  Probe  
  35  3:26  Pylon  
  36  3:32  Probe  
  36  3:35  Sentry  
  36  3:40  Probe  
  40  3:53  Probe  
  41  3:57  Immortal  
  41  4:01  Protoss Ground Weapons Level 1  
  45  4:03  Probe  
  45  4:04  Probe  
  47  4:11  Probe  
  47  4:12  Probe  
  49  4:19  Probe  
  49  4:20  Probe, Assimilator  
  50  4:27  Twilight Council  
  51  4:31  Probe x2  
  51  4:35  Pylon  
  53  4:40  Observer  
  53  4:43  Probe x2  
  56  4:47  Assimilator  
  56  4:55  Probe x2  
  58  5:01  Immortal  
  58  5:04  Pylon  
  62  5:07  Probe  
  62  5:09  Probe  
  64  5:20  Gateway x2  
  64  5:21  Probe  
  64  5:22  Probe  
  64  5:25  Zealot  
  64  5:27  Blink  
  68  5:31  Stalker  
  70  5:35  Templar Archives  
  70  5:46  Gateway  
  70  5:51  Gateway  
  70  5:54  Gateway  
  70  5:55  Stalker  
  72  5:57  Stalker  
  72  6:02  Shield Battery  
  74  6:05  Shield Battery  
  74  6:12  Immortal  
  74  6:16  Pylon  
  78  6:23  Photon Cannon  
  78  6:26  Pylon  
  78  6:30  Shield Battery  
  78  6:36  Stalker  
  78  6:37  Stalker  
  82  6:43  Stalker x2  
  80  6:48  Stalker  
  80  6:49  Stalker  
  82  6:56  Stalker  
  84  7:02  Stalker x2  
  86  7:09  Stalker x2  
  86  7:13  Stalker  
  84  7:19  Stalker  
  84  7:22  Stalker  
  86  7:25  Stalker  
  82  7:32  Stalker  
  82  7:35  Stalker  
  82  7:39  Stalker  
  82  7:42  Stalker  
  80  7:50  Stalker x2  
  76  8:01  Sentry  
  78  8:10  Nexus, Protoss Ground Weapons Level 2  
  78  8:12  Probe x2, Pylon  
  80  8:19  Sentry  
  82  8:20  High Templar x2  
  82  8:26  Probe x2  
  88  8:29  Charge  
  88  8:33  Archon  
  88  8:38  Probe  
  89  8:42  Zealot x3  
  89  8:45  Probe  
  96  8:49  Pylon  
  96  8:50  Probe  
  97  8:57  Probe  
  97  8:58  Immortal  
  98  9:02  Assimilator  
  98  9:05  Assimilator  
  98  9:09  Probe  
  103  9:12  Probe  
  104  9:17  Pylon  
  104  9:21  Probe  
  106  9:24  Probe  
  106  9:26  High Templar x2  
  106  9:27  Probe  
  111  9:33  Probe  
  111  9:36  Probe  
  117  9:38  Immortal  
  117  9:39  Probe  
  114  9:56  High Templar x2  
  114  9:57  Zealot x3  
  114  9:59  Protoss Ground Weapons Level 3  
  124  10:04  Archon  
  124  10:06  Archon  
  120  10:09  Zealot x2  
  120  10:22  Zealot x3  
  120  10:24  Immortal  
  130  10:29  High Templar  
  130  10:33  Pylon  
  130  10:35  Pylon  
  132  10:36  Shield Battery, Pylon  
  132  10:37  Shield Battery  
  132  10:39  Pylon  
  132  10:40  Shield Battery  
  132  10:48  Probe  
  133  10:52  High Templar x2  
  133  10:53  High Templar, Photon Cannon, Zealot x2  
  133  10:54  Zealot  
  145  10:59  Stargate  
  145  11:00  Archon x2  
  145  11:03  Immortal  
  145  11:06  Zealot  
  145  11:08  Pylon  
  145  11:09  Pylon  
  147  11:18  High Templar x2, Zealot  
  155  11:22  Gateway  
  157  11:32  Zealot  
  159  11:33  Zealot x2  
  163  11:42  Zealot x2  
  163  11:44  Nexus  
  160  11:48  Warp Prism  
  160  11:50  Phoenix  
  160  11:52  Archon  
  160  11:54  Probe  
  161  12:03  Pylon  
  161  12:11  High Templar  
  161  12:12  High Templar  
  161  12:13  Phoenix  
  161  12:14  Photon Cannon  
  167  12:16  Probe  
  167  12:18  Assimilator  
  167  12:22  Assimilator  
  168  12:23  Stargate  
  168  12:27  High Templar x2  
  168  12:28  Probe  
  173  12:30  Archon  
  173  12:31  Archon  
  173  12:38  Pylon x2  
  173  12:39  Phoenix  
  175  12:47  High Templar  
  175  12:48  High Templar  
  179  12:59  Zealot x3  
  179  13:03  Zealot  
  179  13:04  Phoenix  
  179  13:05  Archon  
  189  13:14  Phoenix  
  191  13:29  Phoenix  
  187  13:37  Zealot x2  
  187  13:38  Zealot  
  187  13:39  Phoenix  
  195  13:42  Zealot x2  
  195  13:48  Zealot  
  199  13:55  Zealot x2  
  183  14:12  Zealot x2  
  161  14:17  Zealot x2  
  161  14:18  Zealot x2  
  161  14:20  Zealot  
  161  14:21  Zealot  
Show
View Real Time Build Order
Export as new Build Order

Vanillasky Protoss 

Build Orders:  

Get SALT Encoding   

  12  0:00  Probe  
  13  0:12  Probe  
  14  0:17  Pylon  
  14  0:23  Probe  
  15  0:31  Probe  
  15  0:37  Gateway  
  15  0:39  Probe  
  16  0:45  Assimilator  
  17  0:51  Probe  
  17  0:53  Assimilator  
  18  0:59  Probe  
  19  1:07  Probe  
  19  1:08  Gateway  
  19  1:17  Probe  
  20  1:25  Cybernetics Core  
  21  1:29  Probe  
  22  1:39  Pylon  
  22  1:41  Probe  
  23  1:57  Probe  
  24  2:01  Adept x2  
  24  2:02  Warp Gate  
  28  2:09  Probe  
  28  2:10  Pylon  
  29  2:18  Pylon  
  29  2:21  Probe  
  30  2:36  Stalker x2  
  34  2:50  Nexus  
  34  3:01  Robotics Facility  
  34  3:16  Probe  
  33  3:29  Probe  
  33  3:41  Probe  
  33  3:48  Shield Battery  
  33  3:50  Sentry  
  33  3:51  Stalker  
  33  3:53  Probe  
  38  3:59  Pylon  
  38  4:01  Probe  
  38  4:02  Immortal  
  42  4:03  Probe  
  42  4:09  Probe  
  44  4:11  Probe  
  46  4:17  Probe  
  46  4:19  Probe  
  46  4:21  Stalker x2  
  52  4:29  Probe  
  53  4:31  Probe  
  54  4:38  Twilight Council  
  54  4:41  Probe  
  54  4:43  Immortal  
  54  4:45  Probe  
  60  4:52  Pylon  
  60  4:54  Resonating Glaives  
  60  4:58  Probe x2  
  62  5:01  Pylon  
  62  5:08  Gateway  
  62  5:09  Gateway  
  62  5:10  Sentry x2  
  66  5:19  Warp Prism, Gateway  
  66  5:22  Gateway  
  66  5:35  Gateway  
  68  5:38  Pylon  
  68  5:40  Sentry  
  70  5:44  Sentry  
  72  5:57  Observer  
  73  6:05  Pylon  
  73  6:07  Pylon  
  73  6:19  Adept x5  
  73  6:20  Adept  
  85  6:26  Pylon  
  85  6:30  Pylon  
  81  6:48  Adept x4  
  81  6:49  Adept x2  
  91  7:00  Adept  
  87  7:11  Adept x4  
  89  7:22  Adept x2  
  81  7:28  Charge  
  71  7:31  Adept x2  
  69  7:37  Adept x2  
  65  7:45  Adept  
  55  7:52  Assimilator  
  55  7:54  Assimilator  
  43  7:59  Probe  
  43  8:00  Warp Prism  
  43  8:05  Zealot x7  
  59  8:10  Probe  
  60  8:13  Gateway  
  60  8:16  Gateway  
  60  8:23  Probe  
  60  8:24  Probe  
  60  8:25  Zealot x2  
  60  8:26  Zealot x5  
  76  8:27  Immortal  
  80  8:41  Probe  
  80  8:48  Zealot x3  
  87  8:59  Pylon  
  87  9:00  Zealot x2  
  87  9:01  Observer  
  91  9:04  Probe  
  93  9:14  Nexus  
  93  9:21  Templar Archives, Probe  
  93  9:24  Sentry x2  
  96  9:30  Pylon  
  98  9:35  Observer  
  97  9:52  Zealot x8  
  107  9:53  Zealot  
  113  10:05  Nexus  
  103  10:21  High Templar x5  
  95  10:24  Zealot x3  
  95  10:25  Archon x2  
  105  10:28  Zealot  
  105  10:34  Pylon  
  107  10:54  Robotics Bay  
  107  10:56  High Templar, Robotics Facility  
  109  10:57  Probe  
  109  10:58  Probe  
  111  11:04  Archon  
  111  11:24  Zealot x5  
  121  11:31  Assimilator x2  
  119  11:45  Disruptor x2  
  121  11:48  Stalker x3  
  121  11:49  Stalker x2  
  120  12:10  Disruptor x2  
  120  12:17  Pylon  
  126  12:27  Probe  
  127  12:36  Disruptor x2  
  127  12:37  Probe  
  128  12:47  Probe x2  
  128  12:49  Probe  
  137  13:01  Nexus  
  137  13:02  Shield Battery  
  137  13:04  Pylon, Stalker x3  
  143  13:05  Pylon  
  143  13:07  Probe  
  143  13:12  Observer x2  
  146  13:22  Stalker x3  
  152  13:33  Disruptor  
  155  13:38  Stalker  
  155  13:39  Zealot x4  
  155  13:40  Zealot  
  164  13:46  Adept x3  
  83  14:24  Adept x3  
  83  14:25  Adept  
Tags
 
Matchup
PvP
Spawn Locations
Cross Positions
Add a new tag
Caveats
  • Supply blocks, unpowered buildings, or Contaminate may cause inaccurate times.
  • Supply counts are checked every 10 seconds.